 Dungeon Crawl Stone Soup version 0.19-a0-1580-g8817a36 (webtiles) character file.

37 Grim the Digger (level 3, 12/19 HPs)
             Began as a Deep Elf Earth Elementalist on Sept 16, 2016.
             Quit the game on level 2 of the Dungeon.
             The game lasted 00:04:54 (1436 turns).

Grim the Digger (Deep Elf Earth Elementalist)       Turns: 1436, Time: 00:04:54

Health: 12/19      AC:  2    Str:  5    XL:     3   Next: 23%
Magic:  9/9        EV: 13    Int: 20    God:
Gold:   37         SH:  0    Dex: 15    Spells: 1 memorised, 7 levels left

rFire  . . .     SeeInvis .     i - +3 whip (pain)
rCold  . . .     Gourm    .     c - +0 robe
rNeg   + . .     Faith    .     (no shield)
rPois  .         Spirit   .     (no helmet)
rElec  .         Dismiss  .     (no cloak)
rCorr  .         Reflect  .     (no gloves)
MR     .....     Harm     .     (no boots)
Stlth  ++........               (no amulet)
                                (no ring)
                                g - ring of positive energy

@: no status effects
A: no striking features
a: no special abilities


You were on level 2 of the Dungeon.
You were hungry.

You visited 1 branch of the dungeon, and saw 2 of its levels.

You collected 37 gold pieces.

Inventory:

Hand Weapons
 i - a +3 whip of pain (weapon)
Missiles
 b - 20 stones (quivered)
Armour
 c - a +0 robe (worn)
Jewellery
 g - a ring of positive energy (left hand)
 p - an uncursed ring of protection from magic {unknown}
Scrolls
 f - a scroll of noise {unknown}
 j - a scroll of teleportation {unknown}
 m - 3 scrolls of amnesia {unknown}
 o - a scroll of enchant weapon {unknown}
 r - a scroll of enchant armour {unknown}
 t - a scroll of remove curse {unknown}
Potions
 a - a potion of haste {unknown}
 k - a potion of cure mutation {unknown}
 l - a potion of curing {unknown}
 q - a potion of brilliance {unknown}
 s - 2 potions of resistance {unknown}
Books
 e - a book of Geomancy

   Spells                             Type                      Level
   a - Sandblast                      Earth                        1
   b - Passwall                       Transmutation/Earth          2
   c - Stone Arrow                    Conjuration/Earth            3
   d - Petrify                        Transmutation/Earth          4
   e - Lee's Rapid Deconstruction     Earth                        5
Comestibles
 d - 2 bread rations
 h - 4 fruits
 n - a beef jerky


   Skills:
 - Level 2.4 Dodging
 - Level 2.4 Stealth
 - Level 3.0 Spellcasting
   Level 1.1 Transmutations
 + Level 4.8 Earth Magic


You had 7 spell levels left.
You knew the following spells:

 Your Spells              Type           Power        Failure   Level  Hunger
a - Sandblast             Erth           ###...       1%          1    None


Dungeon Overview and Level Annotations

Branches:
Dungeon (2/15)

Altars:


Message History

The jackal misses you.
You closely miss the jackal.
The jackal is heavily wounded.
The jackal bites you but does no damage.
You hit the jackal.
You kill the jackal!
You start resting.
There is an open door, spattered with blood here.
You see here a jackal corpse.
A rat is nearby!
No target in view!
No target in view!
No target in view!
You start resting.
All of the chunks of flesh in your inventory have rotted away.
Magic restored.
You start resting.
You are feeling hungry.
Okay, then.
Are you sure you want to abandon this character and quit the game? (Confirm with "yes".)

####....## ##
#...........#
#.#########.###### ..#
#........... #.#
#.###.###### #.# #.#
#.#<.... # #.# #.#
#.######
####.##.#####.###.#####
#......@..............#
#.##.##.#.........###+##
#.††.............#
.##.####..............#
......................#
###.##########........#
##########


There were no monsters in sight!

Vanquished Creatures
  A dart slug (D:2)
  A leopard gecko (D:1)
  7 bats (D:1)
  A giant cockroach (D:1)
  4 goblins (D:1)
  3 hobgoblins (D:1)
  5 jackals
  2 kobolds (D:1)
  3 frilled lizards (D:1)
  5 rats (D:1)
32 creatures vanquished.

Notes
Turn   | Place    | Note
-------+----------+-------------------------------------------
     0 | D:1      | Grim the Deep Elf Earth Elementalist began the quest for the Orb.
     0 | D:1      | Reached XP level 1. HP: 10/10 MP: 6/6
   400 | D:1      | Reached XP level 2. HP: 15/15 MP: 6/8
   444 | D:1      | Reached skill level 4 in Earth Magic
  1156 | D:1      | Reached XP level 3. HP: 19/19 MP: 7/9
  1436 | D:2      | Quit the game

Vault maps used:
D:1:      dpeg_arrival_shelter
D:2:      nicolae_overflow_hidden_temple, minmay_tromino_i2

Skill      XL: |  1  2 |
---------------+-------+-----
Earth Magic    | 4 |  4.8
Dodging        | |  2.4
Stealth        | |  2.4
Spellcasting   | |  3.0
Transmutations | |  1.1

Action                   || total
-------------------------++-------
Melee: Whip              ||    28
 Cast: Sandblast         ||    61
  Eat: Chunk             ||     1
Armor: Robe              ||     9
Dodge: Dodged            ||    58
